 Dungeon Crawl Stone Soup version 0.30-a0-347-gf58ed5266c (webtiles) character file.

Game seed: 18188293243370290841

342 night the Ducker (level 6, -4/45 HPs)
             Began as a Demigod Wanderer on Nov 5, 2022.
             Slain by Edmund
             ... wielding a +3 flail of protection
              (11 damage)
             ... on level 4 of the Dungeon.
             The game lasted 00:07:42 (3016 turns).

night the Ducker (Demigod Wanderer)                 Turns: 3016, Time: 00:07:42

Health: -4/45      AC: 10    Str: 11    XL:     6   Next: 8%
Magic:  3/8        EV: 14    Int: 11    God:
Gold:   132        SH:  0    Dex: 26    Spells: 2/5 levels left

rFire   + + .      SeeInvis .    a - +0 dagger (vorpal)
rCold   + . .      Faith    .    (no shield)
rNeg    . . .      Spirit   .    f - +0 robe
rPois   +          Reflect  .    i - +2 hat
rElec   +          Harm     .    (no cloak)
rCorr   +          Rampage  .    d - +0 pair of gloves
Will    .....                    (no boots)
Stlth   +++.......               (no amulet)
HPRegen 0.27/turn                n - ring of protection from fire
MPRegen 0.11/turn                (no ring)

@: ice-armoured, resistant
A: high MP 1, forlorn, divine attributes
a: no special abilities


You were on level 4 of the Dungeon.
You visited 1 branch of the dungeon, and saw 4 of its levels.

You collected 132 gold pieces.

Inventory:

Hand Weapons
 a - a +0 vorpal dagger (weapon)
 c - a +0 quarterstaff
Missiles
 o - 31 stones (quivered)
Armour
 d - a +0 pair of gloves (worn)
 f - a +0 robe (worn)
 i - a +2 hat (worn)
Jewellery
 n - a ring of protection from fire (left hand)
Scrolls
 e - 2 scrolls of fear
 g - 2 scrolls of teleportation
 k - 2 scrolls of immolation
 l - 3 scrolls of identify {unknown}
 r - a scroll of amnesia {unknown}
 s - 2 scrolls of silence {unknown}
 u - a scroll of butterflies {unknown}
 v - a scroll of enchant weapon {unknown}
 w - a scroll of blinking {unknown}
Potions
 h - a potion of curing
 m - a potion of lignification {unknown}
 p - a potion of invisibility {unknown}
 t - a potion of brilliance {unknown}


   Skills:
 + Level 2.8 Short Blades
 - Level 1.3 Staves
 - Level 2.8 Throwing
 - Level 2.0 Armour
 + Level 3.2 Dodging
 - Level 3.0 Stealth
 + Level 2.8 Ice Magic


You had 2 spell levels left.
You knew the following spells:

 Your Spells              Type           Power      Damage    Failure   Level
a - Ozocubu's Armour      Ice            6%         N/A       32%         3

Your spell library contained the following spells:

 Spells                   Type           Power      Damage    Failure   Level
 Metabolic Englaciation   Hex/Ice        1%         N/A       99%         5
 Simulacrum               Ice/Necr       1%         N/A       100%        6


Dungeon Overview and Level Annotations

Branches:
Dungeon (4/15)
 Temple: D:4-7

Annotations:
D:4 Edmund


Innate Abilities, Weirdness & Mutations

You have an increased reservoir of magic. (+10% MP)
You shall have no god before yourself.
Your divine heritage dramatically boosts your attributes as you level up.


Message History

You closely miss Edmund.
Edmund is heavily wounded.
You hit Edmund but do no damage.
Edmund is heavily wounded.
Edmund hits you with a +3 flail of protection.
* * * LOW HITPOINT WARNING * * *
You barely miss Edmund.
Edmund is heavily wounded.
Edmund hits you but does no damage.
You hit Edmund but do no damage.
Edmund is heavily wounded.
Edmund is no longer moving slowly.
You hit Edmund.
Edmund is heavily wounded.
Edmund barely misses you.
Your magical contamination has completely faded away.
You hit Edmund.
Edmund is severely wounded.
Edmund closely misses you.
You hit Edmund but do no damage.
Edmund is severely wounded.
Edmund hits you with a +3 flail of protection.
* * * LOW HITPOINT WARNING * * *
You aren't carrying any items that you can evoke.
It was a potion of resistance.
You feel protected. Edmund closely misses you.
It was a potion of curing.
You feel better.
Edmund says, "A flail is better than a scythe, any day of the week!"
Edmund hits you with a +3 flail of protection.
* * * LOW HITPOINT WARNING * * *
You hit Edmund but do no damage.
Edmund is severely wounded.
You hit Edmund but do no damage.
Edmund is severely wounded.
Edmund closely misses you.
You barely miss Edmund.
Edmund is severely wounded.
Edmund hits you with a +3 flail of protection!
You die...

## #.## ...## .
###....#..
##.........
####......(...
##..>..@@...#
#...........#
##.##..........
#. ..........#.
#.
..........#..
#.......###..#
# ........ #.#
.$.####.. ..
... .. ..#


You could see Edmund (poisoned).

Vanquished Creatures
  An orc warrior (D:4)
  An orc priest (D:3)
  An iguana (D:4)
  Robin (D:2)
  11 adders
  2 worms
  2 dart slugs (D:1)
  5 orcs
  3 bats
  8 endoplasms
  A giant cockroach (D:2)
  9 goblins
  6 hobgoblins
  2 jackals (D:2)
  5 kobolds
  A quokka (D:1)
  4 ball pythons (D:2)
  4 frilled lizards
  8 rats
75 creatures vanquished.

Notes
Turn   | Place    | Note
-------+----------+-------------------------------------------
     0 | D:1      | night the Demigod Wanderer began the quest for the Orb.
     0 | D:1      | night set off with the following items: a +0 vorpal dagger,
                  | a curare-tipped dart, a +0 quarterstaff, a +0 pair of
                  | gloves, a scroll of fear, a +0 robe.
     0 | D:1      | Reached XP level 1. HP: 14/14 MP: 3/3
    83 | D:1      | Reached XP level 2. HP: 14/20 MP: 4/4
    91 | D:1      | Reached skill level 2 in Armour
   853 | D:2      | Reached XP level 3. HP: 26/26 MP: 5/5
   971 | D:2      | Reached skill level 1 in Short Blades
   971 | D:2      | Reached skill level 1 in Ice Magic
  1021 | D:2      | Reached skill level 2 in Dodging
  1059 | D:2      | Reached XP level 4. HP: 33/33 MP: 6/6
  1063 | D:2      | Learned a level 3 spell: Ozocubu's Armour
  1616 | D:2      | Noticed Robin
  1636 | D:2      | Killed Robin
  1637 | D:2      | Reached skill level 2 in Short Blades
  1637 | D:2      | Reached skill level 2 in Ice Magic
  2082 | D:3      | Reached XP level 5. HP: 36/38 MP: 7/7
  2899 | D:4      | Noticed an orc warrior
  2922 | D:4      | HP: 2/38 [orc warrior/+0 halberd (8)]
  2926 | D:4      | Killed an orc warrior
  2927 | D:4      | Reached XP level 6. HP: 4/45 MP: 5/8
  2994 | D:4      | Noticed Edmund
  3006 | D:4      | HP: 4/45 [Edmund/+3 flail of protection (4)]
  3011 | D:4      | HP: 1/45 [Edmund/+3 flail of protection (4)]
  3016 | D:4      | Slain by Edmund

Illustrated notes

Levels and vault maps discovered:
D:1:      heliophobic_arrival_enchanted_forest, layout_basic
D:2:      layout_loops_ring, minmay_snake_closets, uniq_robin
D:3:      layout_basic, mainiacjoe_overflow_brackets
D:4:      layout_cave_pools, lightli_temple_of_fire, uniq_edmund, uniq_ijyb

Skill      XL: |  1  2  3  4  5 |
---------------+----------------+-----
Armour         | 2 |  2.0
Stealth        | 3 |  3.0
Short Blades   | 1 2 |  2.8
Ice Magic      | 1 2 |  2.8
Dodging        | 2 3 |  3.2
Staves         | |  1.3
Throwing       | |  2.8

Action                   |  1- 3 |  4- 6 || total
-------------------------+-------+-------++-------
Melee: Dagger            |    97 |   182 ||   279
       Quarterstaff      |     4 |       ||     4
Throw: Dart              |       |     8 ||     8
 Cast: Ozocubu's Armour  |       |     7 ||     7
  Use: Scroll            |       |     2 ||     2
       Potion            |       |     2 ||     2
 Stab: Sleeping          |     6 |     7 ||    13
Armor: Robe              |    26 |    33 ||    59
Dodge: Dodged            |    57 |    99 ||   156

Table legend: (Time is in decaauts)
 A = Elapsed time spent in this place.
 B = Non-inter-level travel time spent in this place.
 C = Inter-level travel time spent in this place.
 D = Time resting spent in this place.
 E = Time spent auto-exploring this place.
 F = Levels seen in this place.
 G = Mean time per level.
                   A        B        C        D        E       F      G
               +--------+--------+--------+--------+--------+-----+--------+
         Total |   2994 |   2907 |     87 |    179 |   2086 |   4 |  748.5 |
       Dungeon |   2994 |   2907 |     87 |    179 |   2086 |   4 |  748.5 |
               +--------+--------+--------+--------+--------+-----+--------+

Top non-repeatable levels by time:
     D:2: 1234 daAuts
     D:1: 806 daAuts
     D:3: 781 daAuts
     D:4: 171 daAuts
